 Dungeon Crawl Stone Soup version 0.31.0-12-g77e489cdc1 (webtiles) character file.

Game seed: 2297914686533209393

3932 spaghetti the Skirmisher (level 10, -2/67 HPs)
             Began as a Human Hunter on Feb 18, 2024.
             Was an Initiate of Gozag.
             Slain by an orc warrior
             ... wielding a +0 dire flail
              (11 damage)
             ... on level 7 of the Dungeon.
             The game lasted 00:08:14 (5468 turns).

spaghetti the Skirmisher (Human Hunter)             Turns: 5468, Time: 00:08:14

Health: -2/67      AC:  5    Str: 11    XL:     10   Next: 21%
Magic:  19/19      EV: 12    Int: 10    God:    Gozag
Gold:   752        SH:  0    Dex: 21    Spells: 9/9 levels left

rFire   . . .        k - +0 triple crossbow
rCold   . . .        (shield currently unavailable)
rNeg    . . .        c - +0 leather armour
rPois   .            n - +0 helmet
rElec   .            f - +0 cloak
rCorr   +            (no gloves)
SInv    .            (no boots)
Will    .....        (no amulet)
Stlth   ++           e - ring of resist corrosion
HPRegen 0.31/turn    p - ring of magical power
MPRegen 0.16/turn

%: no passive effects
@: gold aura, studying Fighting
A: explore regen
a: Renounce Religion, Potion Petition, Call Merchant, Bribe Branch


You were on level 7 of the Dungeon.
You worshipped Gozag.
Gozag was pleased with you.
You visited 1 branch of the dungeon, and saw 7 of its levels.

You collected 886 gold pieces.
You spent 120 gold pieces at shops.
You paid 14 gold pieces to Gozag.

Inventory:

Hand Weapons
 a - a +0 shortbow
 k - a +0 triple crossbow (weapon)
 l - a +1 longbow of draining
Missiles
 m - a throwing net
Armour
 c - a +0 leather armour (worn)
 f - a +0 cloak (worn)
 n - a +0 helmet (worn)
Jewellery
 e - a ring of resist corrosion (left hand)
 h - an amulet of reflection
 j - an amulet of the acrobat
 p - a ring of magical power (right hand)
Wands
 b - a wand of polymorph (19)
 d - a wand of mindburst (5)
 r - a wand of digging (16)
 s - a wand of paralysis (9)
Scrolls
 i - a scroll of blinking
 o - 2 scrolls of revelation
 q - a scroll of fog
 u - a scroll of enchant armour
 w - 3 scrolls of teleportation
Potions
 g - a potion of might
 t - a potion of brilliance
 v - a potion of cancellation


   Skills:
 - Level 2.0 Fighting
 + Level 14.7 Ranged Weapons
 - Level 2.0 Dodging
 - Level 1.0 Stealth


You had 9 spell levels left.
You didn't know any spells.
Your spell library contained the following spells:

 Spells                   Type           Power      Damage    Failure   Level
 Foxfire                  Conj/Fire      0%         2x1d4     45%         1
 Magic Dart               Conj           0%         1d3       45%         1
 Slow                     Hex            0%         N/A       45%         1
 Blink                    Tloc           0%         N/A       58%         2
 Call Imp                 Summ           0%         N/A       58%         2
 Cigotuvi's Dreadful Rot  Necr/Alch/Air  0%         N/A       58%         2
 Confusing Touch          Hex            0%         N/A       83%         3
 Sigil of Binding         Hex            0%         N/A       83%         3
 Vampiric Draining        Necr           0%         2d6       83%         3
 Ignite Poison            Fire/Alch      0%         N/A       99%         4
 Freezing Cloud           Conj/Ice/Air   0%         6-21      100%        5
 Plasma Beam              Fire/Air       0%         2x1d10    100%        6
 Starburst                Conj/Fire      0%         6d3       100%        6


Dungeon Overview and Level Annotations

Branches:
Dungeon (7/15)             Temple (0/1) D:6

Altars:
Ashenzari
Elyvilon
Gozag
Okawaru
Qazlal
Ru
Sif Muna
Vehumet
Wu Jian

Shops:
D:1 (   D:4 =(   D:5 [

Annotations:
D:6 2 runed translucent doors, Scrunko's ghost, novice DsBe


Innate Abilities, Weirdness & Mutations

You regain HP and MP as you explore.


Message History

You are too injured to fight recklessly!
You are too injured to fight recklessly!
You are too injured to fight recklessly!
You are too injured to fight recklessly!
You are too injured to fight recklessly!
You are too injured to fight recklessly!
You are too injured to fight recklessly!
There are monsters nearby!
You shoot a bolt. The bolt hits the orc warrior!
The orc warrior is severely wounded.
The orc warrior hits you with a +0 dire flail!
You shoot a bolt. The bolt hits the orc warrior.
The orc warrior is almost dead.
The orc hits you but does no damage.
The orc warrior hits you with a +0 dire flail!
The orc warrior barely misses you. The orc hits you with a +0 mace!
* * * LOW HITPOINT WARNING * * *
Unknown command.
The orc attacks as it pursues you! The orc misses you.
An orc wizard comes into view. It is wielding a +0 dagger.
You shoot a bolt. The bolt barely misses the orc.
The bolt barely misses the orc warrior.
You shoot a bolt.
The bolt closely misses the orc warrior.
The bolt hits the orc!
You kill the orc!
The orc warrior hits you with a +0 dire flail!
* * * LOW HITPOINT WARNING * * *
You shoot a bolt.
The bolt closely misses the orc warrior.
The bolt hits the orc!!
You kill the orc!
The orc wizard mumbles some strange words.
The orc wizard flickers and vanishes!
Deactivating autopickup; reactivate with Ctrl-A.
The orc warrior hits you with a +0 dire flail.
* * * LOW HITPOINT WARNING * * *
The orc warrior hits you with a +0 dire flail!
You die...
Your body crumbles into a pile of gold.

#..... ... #.... ..##
#... $ ... #... .. ##
..# #.## $$$# #. ..###
#####.# ...$$#.
...####.....#
#${.#####.........#.##
#.?$o@............#.##
#########.............
#.............
#.............
#######.............
....................
#######.............
#.............
#.........####


You could see an orc warrior.

Vanquished Creatures
  A two-headed ogre (D:6)
  Pikel (D:6)
  A steam dragon (D:6)
  Eustachio (D:6)
  2 water moccasins
  2 orc warriors
  A black bear (D:4)
  4 ogres (D:5)
  A centaur (D:5)
  3 phantoms
  A kobold brigand (D:7)
  2 bullfrogs
  A gnoll sergeant (D:5)
  A scorpion (D:6)
  2 howler monkeys
  2 jellies (D:5)
  2 bombardier beetles
  8 hounds
  A gnoll bouda (D:5)
  6 orc priests
  A sleepcap (D:4)
  3 iguanas
  2 orc wizards
  9 adders
  13 gnolls (D:5)
  A white imp (D:6)
  4 ufetubi
  4 dart slugs
  A ribbon worm (D:2)
  25 orcs
  13 endoplasms
  5 giant cockroaches
  5 goblins
  8 hobgoblins
  5 jackals (D:2)
  3 quokkas
  3 training dummies (D:4)
  11 ball pythons
  3 bats (D:1)
  4 frilled lizards
  14 kobolds
  5 rats
185 creatures vanquished.

Vanquished Creatures (others)
  A ball python (D:4)
1 creature vanquished.

Grand Total: 186 creatures vanquished

Notes
Turn   | Place    | Note
-------+----------+-------------------------------------------
     0 | D:1      | spaghetti the Human Hunter began the quest for the Orb.
     0 | D:1      | Reached XP level 1. HP: 16/16 MP: 1/1
    95 | D:1      | Reached XP level 2. HP: 22/22 MP: 2/2
   284 | D:1      | Found Vasafu's Weapon Boutique.
   288 | D:1      | Reached XP level 3. HP: 27/27 MP: 3/3
   308 | D:1      | Reached skill level 5 in Ranged Weapons
   740 | D:2      | Reached XP level 4. HP: 33/33 MP: 4/4
  1203 | D:3      | Found a faded altar of an unknown god.
  1308 | D:3      | Reached skill level 6 in Ranged Weapons
  1464 | D:3      | Found an ornate altar of the Wu Jian Council.
  1508 | D:3      | Reached XP level 5. HP: 36/38 MP: 5/5
  1616 | D:3      | Identified a scroll of acquirement
  1619 | D:3      | Acquired a +1 longbow of draining
  1750 | D:3      | Found an opulent altar of Gozag.
  2060 | D:3      | Found a shimmering blue altar of Sif Muna.
  2112 | D:3      | Became a worshipper of Gozag Ym Sagoz the Greedy
  2321 | D:4      | Reached skill level 7 in Ranged Weapons
  2340 | D:4      | Reached XP level 6. HP: 44/44 MP: 5/6
  2452 | D:4      | Noticed a black bear
  2458 | D:4      | Killed a black bear
  2561 | D:4      | Found a white marble altar of Elyvilon.
  2607 | D:4      | Found Oxuh's Firing Range.
  2616 | D:4      | Bought a +0 triple crossbow for 120 gold pieces
  2644 | D:4      | Found Role's Jewellery Boutique.
  2771 | D:4      | Reached skill level 8 in Ranged Weapons
  2787 | D:4      | Reached XP level 7. HP: 45/50 MP: 7/7
  2931 | D:5      | Entered Level 5 of the Dungeon
  3006 | D:5      | Reached skill level 9 in Ranged Weapons
  3079 | D:5      | Reached XP level 8. HP: 56/56 MP: 8/8
  3090 | D:5      | Reached skill level 10 in Ranged Weapons
  3235 | D:5      | Found Jogiav's Antique Armour Emporium.
  3759 | D:5      | Found an iron altar of Okawaru.
  3767 | D:5      | Reached skill level 11 in Ranged Weapons
  4169 | D:5      | Reached XP level 9. HP: 61/61 MP: 9/9
  4247 | D:6      | Noticed a two-headed ogre
  4250 | D:6      | Killed a two-headed ogre
  4251 | D:6      | Reached skill level 12 in Ranged Weapons
  4283 | D:6      | Reached skill level 13 in Ranged Weapons
  4542 | D:6      | Found a staircase to the Ecumenical Temple.
  4557 | D:6      | Noticed Pikel
  4561 | D:6      | Killed Pikel
  4606 | D:6      | Found a broken altar of Ashenzari.
  4629 | D:6      | Reached skill level 14 in Ranged Weapons
  4763 | D:6      | Reached XP level 10. HP: 55/67 MP: 10/10
  4881 | D:6      | Found a radiant altar of Vehumet.
  4881 | D:6      | Found a stormy altar of Qazlal.
  4895 | D:6      | Noticed Eustachio
  4904 | D:6      | Killed Eustachio
  4983 | D:6      | Found a large runed translucent door.
  4983 | D:6      | Found a large runed translucent door.
  4986 | D:6      | Noticed Scrunko's ghost (novice DsBe)
  5085 | D:6      | Found a sacrificial altar of Ru.
  5468 | D:7      | Slain by an orc warrior

Illustrated notes

Levels and vault maps discovered:
D:1:      erik_arrival_triangle_medium, layout_rooms, serial_shops, shop
D:2:      layout_loops_cross
D:3:      wander_river, layout_basic, nicolae_sif_muna_little_library,
          mainiacjoe_overflow_brackets, nicolae_wu_jian_wuxing_cycle,
          nicolae_ecumenical_pavilion, kennysheep_generic_room_4
D:4:      layout_rooms, elyvilon_altar_4, serial_shops,
          nicolae_shop_tiny_real_fake_doors, nicolae_shop_firing_range
D:5:      minmay_diamond_boxcup, layout_gridville,
          mainiacjoe_overflow_boulevard, serial_shops,
          nicolae_inconvenience_store, kennysheep_cluttered_room
D:6:      layout_cave_pools, lemuel_crystal_altar, nicolae_ru_path_of_blood,
          gammafunk_temple_overflow_statue, minmay_temple_entry_tees,
          ebering_ghost_disaster_area, uniq_eustachio, uniq_pikel
D:7:      layout_rooms

Skill      XL: |  1  2  3  4  5  6  7  8  9 |
---------------+----------------------------+-----
Ranged Weapons | 5 6 7 8 9 11 14 | 14.7
Fighting       | |  2.0
Dodging        | |  2.0
Stealth        | |  1.0

Action                     |  1- 3 |  4- 6 |  7- 9 | 10-12 || total
---------------------------+-------+-------+-------+-------++-------
  Melee: Longbow           |       |       |     2 |       ||     2
   Fire: Shortbow          |   146 |    84 |       |       ||   230
         Longbow           |       |    84 |   131 |       ||   215
         Triple crossbow   |       |       |    53 |    60 ||   113
  Throw: Throwing net      |       |       |     1 |       ||     1
    Use: Scroll            |     2 |     3 |     6 |     2 ||    13
         Potion            |       |     4 |     5 |     1 ||    10
 Armour: Leather armour    |    29 |    47 |   100 |    24 ||   200
  Dodge: Dodged            |    32 |    59 |   112 |    18 ||   221
  Block: Other             |    12 |       |       |       ||    12
